Kraken vs Avalanche

Created - 5 novembre 2024 at 06:13

Goals
1 2 3 T
Kraken 1 0 3 4
Avalanche 0 0 0 0
Shots
1 2 3 T
Kraken 14 10 17 41
Avalanche 10 9 11 30

GoalsPenalties
1st period
1. Kraken , Filip Forsberg 6 (Mark Scheifele 9, Mathew Barzal 6) at 0:28
Nic Dowd (SEA) for Slashing (Minor) at 19:03
2nd period
No Goal
Jacob Trouba (COL) for Hooking (Minor) at 1:24
Brenden Dillon (SEA) for Hooking (Minor) at 9:41
Ryan Strome (COL) for Holding (Minor) at 18:29
3rd period
2. Kraken , Erik Karlsson 7 (Mark Scheifele 10) at 1:47 (PP)
3. Kraken , Colton Sissons 3 (Mats Zuccarello 4, Ryan McDonagh 8) at 16:23
4. Kraken , Erik Karlsson 8 (Nic Dowd 4, Filip Forsberg 15) at 19:11
Jacob Trouba (COL) for Roughing (Minor) at 1:45
Morgan Rielly (COL) for Holding Stick (Minor) at 5:11
Goalie Stats
Igor Shesterkin (SEA), 30 saves from 30 shots - (1,000), W, 9-3-1, 60:00 minutes
Anthony Stolarz (COL), 37 saves from 41 shots - (0,902), L, 6-3-0, 60:00 minutes
3 StarsOfficial
1 - Igor Shesterkin (SEA)
2 - Erik Karlsson (SEA)
3 - Filip Forsberg (SEA)
Referees : Justin St. Pierre and Brad Watson
Linesman : Michel Cormier and Matt MacPherson
Game Note
No Game Note
Finance
Level 1 -- Attendance: 177 (100,00%) -- Ticket Income $17,700
Level 2 -- Attendance: 3878 (64,63%) -- Ticket Income $232,680
Level 3 -- Attendance: 2043 (68,10%) -- Ticket Income $71,505
Level 4 -- Attendance: 3826 (69,56%) -- Ticket Income $76,520
Luxury Box -- Attendance: 788 (52,53%) -- Ticket Income $157,600
Game was played at the Pepsi Center.
Total Attendance: 10712 (66,22%)
Total Ticket Income: $556,005
Other Income: $50,040
Total Income: $606,045



Team Name Goals Shots Shots Attemp Shots Blocked PIM HIT PP PK FO%
Kraken 4416964311 / 4 (25%)049%
Avalanche 0305088170 / 2 (0%)151%

Kraken
Player Name POS G A P +/- PIM HIT SHT SB MP PP MP PP SHT PK MP PK SHT FO% FOT
Alex KillornLW/RW0001034019:162:3520:0000% 2
Andrew CoglianoC/LW0000004014:090:0000:0000% 0
Andrew CoppC/LW0000003014:090:0000:00036% 14
Brenden DillonD0000220014:210:0000:0000% 0
Chris TanevD0000000014:220:0000:0000% 0
Colton SissonsC/LW1011026019:162:3500:00048% 27
Erik KarlssonD2022013024:353:2411:5500% 0
Filip ForsbergLW1122043125:043:2412:27029% 7
John CarlsonD0002041124:353:2411:5500% 0
Justin DanforthRW000100004:000:0000:000100% 1
Luke GlendeningC000000000:000:0000:0000% 0
Mark ScheifeleC0221013021:043:2402:27070% 30
Mathew BarzalC/RW0111033120:083:2401:3100% 2
Mats ZuccarelloRW0111005020:472:3501:31050% 2
Nic DowdC011120003:590:0000:00043% 7
Noel AcciariC/RW0000054114:090:0000:0000% 1
Radko GudasD0001031021:032:3502:0300% 0
Ryan McDonaghD0111031221:032:3502:0300% 0
Avalanche
Player Name POS G A P +/- PIM HIT SHT SB MP PP MP PP SHT PK MP PK SHT FO% FOT
Drake BathersonLW/RW000-1023018:182:2302:5500% 1
Erik BrannstromD000-1010018:241:5004:0200% 0
Jacob TroubaD000-1420022:011:5002:0800% 0
Jesper BoqvistC0000001113:310:0000:510100% 1
Mitchell MarnerRW000-1004014:001:3510:0000% 0
Morgan RiellyD000-2221125:212:0802:3000% 0
Nick PerbixD0000010317:230:0000:3600% 0
Owen PowerD000-2010020:012:0802:4200% 0
Ryan StromeC/LW/RW000-1232017:122:2311:50052% 23
Ryker EvansD0000000016:470:0000:0000% 0
Sam SteelC000-1003111:580:0000:000100% 1
Scott LaughtonC/LW000-1013216:511:3513:18068% 25
Sonny MilanoLW000-1001012:210:0000:2300% 0
Taylor RaddyshRW0000024012:400:0000:0000% 1
Trevor ZegrasC000-1010014:482:2300:00045% 22
Tyson FoersterC/RW000-1002012:250:0000:000100% 1
Victor OlofssonLW0000000012:400:0000:00029% 17
Wyatt JohnstonC/RW000-1016017:161:3522:4100% 1

Kraken

5 vs 5 Forward
Line #Left WingCenterRight WingPHYDFOFWanted %Time %Time Play
1Filip ForsbergMark ScheifeleMathew Barzal1223430%15:13
2Alex KillornColton SissonsMats Zuccarello1223333%16:41
3Andrew CoglianoAndrew CoppNoel Acciari1222428%14:09
4Filip ForsbergNic DowdJustin Danforth12298%4:00
5 vs 5 Defense
Line #DefenseDefensePHYDFOFWanted %Time %Time Play
1John CarlsonErik Karlsson1223434%16:53
2Ryan McDonaghRadko Gudas1223333%16:25
3Brenden DillonChris Tanev1222429%14:22
4John CarlsonErik Karlsson12295%2:23
Power Play Forward
Line #Left WingCenterRight WingPHYDFOFWanted %Time %Time Play
1Filip ForsbergMark ScheifeleMathew Barzal1225557%3:24
2Alex KillornColton SissonsMats Zuccarello1224543%2:35
Power Play Defense
Line #DefenseDefensePHYDFOFWanted %Time %Time Play
1John CarlsonErik Karlsson1225557%3:24
2Ryan McDonaghRadko Gudas1224543%2:35
Penalty Kill 4 Players Forward
Line #CenterWingPHYDFOFWanted %Time %Time Play
1Filip ForsbergMark Scheifele1225562%2:27
2Mathew BarzalMats Zuccarello1224538%1:31
Penalty Kill 4 Players Defense
Line #DefenseDefensePHYDFOFWanted %Time %Time Play
1John CarlsonErik Karlsson1225548%1:55
2Ryan McDonaghRadko Gudas1224552%2:03
Penalty Kill 3 Players
Line #WingPHYDFOFWanted %Time %Time PlayDefenseDefensePHYDFOFWanted %Time %Time Play
1Filip Forsberg122550%0:00 John CarlsonErik Karlsson122550%0:00
2Mark Scheifele122450%0:00 Ryan McDonaghRadko Gudas122450%0:00
4 vs 4 Forward
Line #CenterWingPHYDFOFWanted %Time %Time Play
1Filip ForsbergMark Scheifele122550%0:00
2Mathew BarzalMats Zuccarello122450%0:00
4 vs 4 Defense
Line #DefensePHYDFOFWanted %Time %Time Play
1John CarlsonErik Karlsson122550%0:00
2Ryan McDonaghRadko Gudas122450%0:00
Last Minutes Offensive
Left WingCenterRight WingDefenseDefense
Filip ForsbergMark ScheifeleMathew BarzalJohn CarlsonErik Karlsson
Last Minutes Defensive
Left WingCenterRight WingDefenseDefense
Filip ForsbergMark ScheifeleMathew BarzalJohn CarlsonErik Karlsson
Time
Total ForwardTotal DefenseLast Minutes OffensiveLast Minutes Defensive
60:00 60:00 0:000:00
Extra Forwards
Normal PowerPlayPenalty Kill
Luke Glendening, Andrew Copp, Nic DowdLuke Glendening, Andrew CoppNic Dowd
Extra Defensemen
Normal PowerPlayPenalty Kill
Brenden Dillon, Chris Tanev, Ryan McDonaghBrenden Dillon, Chris TanevRyan McDonagh
Penalty Shots
Filip Forsberg, Mark Scheifele, Mathew Barzal, Mats Zuccarello, Alex Killorn
Goalie
Igor Shesterkin, Frederik Andersen
Scratches
Jaycob Megna (Healthy), Sidney Crosby (Healthy)

Avalanche

5 vs 5 Forward
Line #Left WingCenterRight WingPHYDFOFWanted %Time %Time Play
1Wyatt JohnstonRyan StromeDrake Batherson1222626%13:00
2Mitchell MarnerTrevor ZegrasTyson Foerster1222525%12:25
3Sam SteelScott LaughtonSonny Milano1222524%11:58
4Jesper BoqvistVictor OlofssonTaylor Raddysh1222425%12:40
5 vs 5 Defense
Line #DefenseDefensePHYDFOFWanted %Time %Time Play
1Owen PowerMorgan Rielly1222829%14:31
2Jacob TroubaErik Brannstrom1222825%12:32
3Nick PerbixRyker Evans1222434%16:47
4Jacob TroubaMorgan Rielly1222012%6:13
Power Play Forward
Line #Left WingCenterRight WingPHYDFOFWanted %Time %Time Play
1Mitchell MarnerScott LaughtonWyatt Johnston1225040%1:35
2Ryan StromeTrevor ZegrasDrake Batherson1225060%2:23
Power Play Defense
Line #DefenseDefensePHYDFOFWanted %Time %Time Play
1Owen PowerMorgan Rielly1225054%2:08
2Jacob TroubaErik Brannstrom1225046%1:50
Penalty Kill 4 Players Forward
Line #CenterWingPHYDFOFWanted %Time %Time Play
1Scott LaughtonDrake Batherson1225555%3:18
2Ryan StromeWyatt Johnston1224545%2:41
Penalty Kill 4 Players Defense
Line #DefenseDefensePHYDFOFWanted %Time %Time Play
1Morgan RiellyOwen Power1225557%3:23
2Jacob TroubaErik Brannstrom1224543%2:36
Penalty Kill 3 Players
Line #WingPHYDFOFWanted %Time %Time PlayDefenseDefensePHYDFOFWanted %Time %Time Play
1Scott Laughton122550%0:00 Erik BrannstromMorgan Rielly122550%0:00
2Drake Batherson122450%0:00 Jacob TroubaOwen Power122450%0:00
4 vs 4 Forward
Line #CenterWingPHYDFOFWanted %Time %Time Play
1Scott LaughtonDrake Batherson122550%0:00
2Wyatt JohnstonMitchell Marner122450%0:00
4 vs 4 Defense
Line #DefensePHYDFOFWanted %Time %Time Play
1Owen PowerMorgan Rielly122550%0:00
2Jacob TroubaErik Brannstrom122450%0:00
Last Minutes Offensive
Left WingCenterRight WingDefenseDefense
Scott LaughtonRyan StromeWyatt JohnstonDrake BathersonMorgan Rielly
Last Minutes Defensive
Left WingCenterRight WingDefenseDefense
Mitchell MarnerScott LaughtonWyatt JohnstonErik BrannstromNick Perbix
Time
Total ForwardTotal DefenseLast Minutes OffensiveLast Minutes Defensive
60:00 60:00 0:000:00
Extra Forwards
Normal PowerPlayPenalty Kill
Scott Laughton, Drake Batherson, Tyson FoersterScott Laughton, Sam SteelScott Laughton
Extra Defensemen
Normal PowerPlayPenalty Kill
Jacob Trouba, Morgan Rielly, Erik BrannstromOwen Power, Erik BrannstromJacob Trouba
Penalty Shots
Scott Laughton, Tyson Foerster, Sam Steel, Drake Batherson, Taylor Raddysh
Goalie
Anthony Stolarz, Cayden Primeau
Scratches
Akira Schmid (Healthy)


Play-by-Play

1st period


0:01 of 1st period - Mark Scheifele wins face-off versus Ryan Strome in neutral zone.
0:22 of 1st period - Shot by Mark Scheifele.
0:22 of 1st period - Shot Misses the Net.
0:28 of 1st period - Shot by Mark Scheifele.
0:28 of 1st period - Deflect By Filip Forsberg.
0:28 of 1st period - Goal by Filip Forsberg - Kraken : 1 - Avalanche : 0.
0:29 of 1st period - Trevor Zegras wins face-off versus Alex Killorn in neutral zone.
1:10 of 1st period - Shot by Mitchell Marner.
1:10 of 1st period - Stopped by Igor Shesterkin with a rebound.
1:55 of 1st period - Andrew Copp is hit by Nick Perbix and loses puck.
2:28 of 1st period - Shot by Owen Power.
2:28 of 1st period - Shot Misses the Net.
2:32 of 1st period - Shot by Taylor Raddysh.
2:32 of 1st period - Shot Blocked by Mathew Barzal.
2:34 of 1st period - Shot by Morgan Rielly.
2:34 of 1st period - The goal is going for a video replay.
2:34 of 1st period - The goal is refused.
2:35 of 1st period - Ryan Strome wins face-off versus Nic Dowd in Kraken zone.
2:50 of 1st period - Nic Dowd is hit by Wyatt Johnston and loses puck.
2:59 of 1st period - Shot by Drake Batherson.
2:59 of 1st period - Stopped by Igor Shesterkin without a rebound.
3:00 of 1st period - Victor Olofsson wins face-off versus Colton Sissons in Kraken zone.
4:52 of 1st period - Shot by Mathew Barzal.
4:52 of 1st period - Shot Misses the Net.
5:01 of 1st period - Trevor Zegras is hit by Erik Karlsson.
6:10 of 1st period - Shot by Wyatt Johnston.
6:10 of 1st period - Shot Misses the Net.
7:00 of 1st period - Shot by Sam Steel.
7:00 of 1st period - Deflect By Sonny Milano.
7:00 of 1st period - Stopped by Igor Shesterkin without a rebound.
7:01 of 1st period - Jesper Boqvist wins face-off versus Mark Scheifele in Kraken zone.
7:01 of 1st period - Jesper Boqvist is hit by John Carlson.
7:16 of 1st period - Off-side.
7:17 of 1st period - Colton Sissons wins face-off versus Ryan Strome in neutral zone.
7:17 of 1st period - Radko Gudas is hit by Drake Batherson and loses puck.
7:24 of 1st period - Shot by Ryan Strome.
7:24 of 1st period - Stopped by Igor Shesterkin without a rebound.
7:25 of 1st period - Mark Scheifele wins face-off versus Victor Olofsson in Kraken zone.
7:40 of 1st period - Taylor Raddysh is hit by Mathew Barzal and loses puck.
8:05 of 1st period - Shot by John Carlson.
8:05 of 1st period - Shot Misses the Net.
8:07 of 1st period - Shot by Erik Karlsson.
8:07 of 1st period - Stopped by Anthony Stolarz without a rebound.
8:08 of 1st period - Scott Laughton wins face-off versus Colton Sissons in Avalanche zone.
8:35 of 1st period - Shot by Mats Zuccarello.
8:35 of 1st period - Stopped by Anthony Stolarz without a rebound.
8:36 of 1st period - Nic Dowd wins face-off versus Ryan Strome in Avalanche zone.
8:51 of 1st period - Shot by Nic Dowd.
8:51 of 1st period - Shot Misses the Net.
9:09 of 1st period - Shot by Justin Danforth.
9:09 of 1st period - Shot Blocked by Nick Perbix.
9:42 of 1st period - Morgan Rielly is hit by Radko Gudas and loses puck.
10:30 of 1st period - Shot by Andrew Copp.
10:30 of 1st period - Stopped by Anthony Stolarz without a rebound.
10:31 of 1st period - Trevor Zegras wins face-off versus Noel Acciari in Avalanche zone.
10:43 of 1st period - Shot by Noel Acciari.
10:43 of 1st period - Stopped by Anthony Stolarz without a rebound.
10:44 of 1st period - Ryan Strome wins face-off versus Mark Scheifele in Avalanche zone.
11:15 of 1st period - Icing by Erik Karlsson.
11:16 of 1st period - Mark Scheifele wins face-off versus Victor Olofsson in Kraken zone.
12:21 of 1st period - Shot by Andrew Copp.
12:21 of 1st period - Shot Misses the Net.
12:47 of 1st period - Shot by Brenden Dillon.
12:47 of 1st period - Shot Misses the Net.
13:04 of 1st period - Icing by Mitchell Marner.
13:05 of 1st period - Colton Sissons wins face-off versus Trevor Zegras in Avalanche zone.
13:45 of 1st period - Shot by Mats Zuccarello.
13:45 of 1st period - Stopped by Anthony Stolarz without a rebound.
13:46 of 1st period - Nic Dowd wins face-off versus Scott Laughton in Avalanche zone.
13:52 of 1st period - Icing by Sam Steel.
13:53 of 1st period - Andrew Copp wins face-off versus Scott Laughton in Avalanche zone.
14:18 of 1st period - Scott Laughton is hit by Noel Acciari and loses puck.
14:24 of 1st period - Off-side.
14:25 of 1st period - Mark Scheifele wins face-off versus Ryan Strome in neutral zone.
14:38 of 1st period - Owen Power is hit by Radko Gudas and loses puck.
15:01 of 1st period - Ryan McDonagh is hit by Ryan Strome and loses puck.
15:27 of 1st period - Shot by Taylor Raddysh.
15:27 of 1st period - Stopped by Igor Shesterkin with a rebound.
15:29 of 1st period - Shot by Taylor Raddysh.
15:29 of 1st period - Stopped by Igor Shesterkin without a rebound.
15:30 of 1st period - Scott Laughton wins face-off versus Colton Sissons in Kraken zone.
16:09 of 1st period - Off-side.
16:10 of 1st period - Andrew Copp wins face-off versus Taylor Raddysh in neutral zone.
16:36 of 1st period - Shot by Andrew Copp.
16:36 of 1st period - Shot Blocked by Nick Perbix.
16:38 of 1st period - Shot by Noel Acciari.
16:38 of 1st period - Stopped by Anthony Stolarz with a rebound.
16:44 of 1st period - Shot by Andrew Cogliano.
16:44 of 1st period - Shot Misses the Net.
16:48 of 1st period - Shot by Andrew Copp.
16:48 of 1st period - Stopped by Anthony Stolarz with a rebound.
16:50 of 1st period - Shot by Andrew Copp.
16:50 of 1st period - Deflect By Andrew Cogliano.
16:50 of 1st period - Stopped by Anthony Stolarz without a rebound.
16:51 of 1st period - Mark Scheifele wins face-off versus Ryan Strome in Avalanche zone.
16:54 of 1st period - Shot by Mark Scheifele.
16:54 of 1st period - Stopped by Anthony Stolarz without a rebound.
16:55 of 1st period - Ryan Strome wins face-off versus Mark Scheifele in Avalanche zone.
17:04 of 1st period - Shot by Drake Batherson.
17:04 of 1st period - Shot Blocked by Filip Forsberg.
17:14 of 1st period - Shot by Mathew Barzal.
17:14 of 1st period - Stopped by Anthony Stolarz without a rebound.
17:15 of 1st period - Colton Sissons wins face-off versus Scott Laughton in Avalanche zone.
17:36 of 1st period - Icing by Radko Gudas.
17:37 of 1st period - Colton Sissons wins face-off versus Wyatt Johnston in Kraken zone.
17:37 of 1st period - Colton Sissons is hit by Ryan Strome.
17:43 of 1st period - Shot by Mats Zuccarello.
17:43 of 1st period - Stopped by Anthony Stolarz without a rebound.
17:44 of 1st period - Victor Olofsson wins face-off versus Mark Scheifele in Avalanche zone.
17:44 of 1st period - Victor Olofsson is hit by Mathew Barzal.
18:03 of 1st period - Jacob Trouba is hit by Mathew Barzal.
18:08 of 1st period - Shot by Taylor Raddysh.
18:08 of 1st period - Shot Misses the Net.
18:10 of 1st period - Shot by Taylor Raddysh.
18:10 of 1st period - Stopped by Igor Shesterkin without a rebound.
18:11 of 1st period - Ryan Strome wins face-off versus Colton Sissons in Kraken zone.
18:12 of 1st period - Shot by Wyatt Johnston.
18:12 of 1st period - Stopped by Igor Shesterkin without a rebound.
18:13 of 1st period - Ryan Strome wins face-off versus Colton Sissons in Kraken zone.
18:42 of 1st period - Shot by Mats Zuccarello.
18:42 of 1st period - Stopped by Anthony Stolarz with a rebound.
18:44 of 1st period - Shot by Colton Sissons.
18:44 of 1st period - Shot Misses the Net.
18:46 of 1st period - Shot by Colton Sissons.
18:46 of 1st period - Shot Misses the Net.
18:48 of 1st period - Shot by Mats Zuccarello.
18:48 of 1st period - Stopped by Anthony Stolarz without a rebound.
18:49 of 1st period - Scott Laughton wins face-off versus Nic Dowd in Avalanche zone.
19:03 of 1st period - Minor Penalty to Nic Dowd for Slashing.
19:04 of 1st period - Scott Laughton wins face-off versus Filip Forsberg in Kraken zone.
19:13 of 1st period - Shot by Wyatt Johnston.
19:13 of 1st period - Stopped by Igor Shesterkin without a rebound.
19:14 of 1st period - Trevor Zegras wins face-off versus Filip Forsberg in Kraken zone.
19:15 of 1st period - Shot by Ryan Strome.
19:15 of 1st period - Shot Blocked by John Carlson.
Goals for this period are 1 for Kraken vs 0 for Avalanche.
Shots for this period are 14 for Kraken vs 10 for Avalanche.

2nd period


0:01 of 2nd period - Filip Forsberg wins face-off versus Scott Laughton in neutral zone.
0:14 of 2nd period - Shot by Scott Laughton.
0:14 of 2nd period - Shot Blocked by Ryan McDonagh.
0:16 of 2nd period - Shot by Erik Brannstrom.
0:16 of 2nd period - Shot Misses the Net.
0:18 of 2nd period - Shot by Mitchell Marner.
0:18 of 2nd period - Deflect By Wyatt Johnston.
0:18 of 2nd period - Stopped by Igor Shesterkin without a rebound.
0:19 of 2nd period - Trevor Zegras wins face-off versus Filip Forsberg in Kraken zone.
1:05 of 2nd period - Icing by Andrew Copp.
1:06 of 2nd period - Scott Laughton wins face-off versus Andrew Copp in Kraken zone.
1:07 of 2nd period - Shot by Sam Steel.
1:07 of 2nd period - Shot Misses the Net.
1:14 of 2nd period - Chris Tanev is hit by Erik Brannstrom and loses puck.
1:24 of 2nd period - Minor Penalty to Jacob Trouba for Hooking.
1:25 of 2nd period - Scott Laughton wins face-off versus Mark Scheifele in Avalanche zone.
1:52 of 2nd period - Shot by Filip Forsberg.
1:52 of 2nd period - Stopped by Anthony Stolarz without a rebound.
1:53 of 2nd period - Colton Sissons wins face-off versus Ryan Strome in Avalanche zone.
1:53 of 2nd period - Colton Sissons is hit by Morgan Rielly.
1:55 of 2nd period - Shot by Ryan McDonagh.
1:55 of 2nd period - Shot Blocked by Morgan Rielly.
2:11 of 2nd period - Shot by Alex Killorn.
2:11 of 2nd period - Stopped by Anthony Stolarz without a rebound.
2:12 of 2nd period - Mark Scheifele wins face-off versus Drake Batherson in Avalanche zone.
2:54 of 2nd period - Wyatt Johnston is hit by Mark Scheifele and loses puck.
3:34 of 2nd period - Shot by Andrew Cogliano.
3:34 of 2nd period - Stopped by Anthony Stolarz without a rebound.
3:35 of 2nd period - Andrew Copp wins face-off versus Victor Olofsson in Avalanche zone.
3:40 of 2nd period - Shot by Andrew Cogliano.
3:40 of 2nd period - Stopped by Anthony Stolarz without a rebound.
3:41 of 2nd period - Colton Sissons wins face-off versus Trevor Zegras in Avalanche zone.
3:48 of 2nd period - Shot by Colton Sissons.
3:48 of 2nd period - Stopped by Anthony Stolarz without a rebound.
3:49 of 2nd period - Mark Scheifele wins face-off versus Trevor Zegras in Avalanche zone.
3:54 of 2nd period - Shot by Mark Scheifele.
3:54 of 2nd period - Shot Misses the Net.
4:40 of 2nd period - Shot by Drake Batherson.
4:40 of 2nd period - Stopped by Igor Shesterkin without a rebound.
4:41 of 2nd period - Victor Olofsson wins face-off versus Colton Sissons in Kraken zone.
4:54 of 2nd period - Shot by Jesper Boqvist.
4:54 of 2nd period - Stopped by Igor Shesterkin without a rebound.
4:55 of 2nd period - Scott Laughton wins face-off versus Andrew Copp in Kraken zone.
4:55 of 2nd period - Scott Laughton is hit by Brenden Dillon.
5:27 of 2nd period - Off-side.
5:28 of 2nd period - Colton Sissons wins face-off versus Ryan Strome in neutral zone.
5:30 of 2nd period - Off-side.
5:31 of 2nd period - Ryan Strome wins face-off versus Mathew Barzal in neutral zone.
5:36 of 2nd period - Shot by Wyatt Johnston.
5:36 of 2nd period - Stopped by Igor Shesterkin without a rebound.
5:37 of 2nd period - Mark Scheifele wins face-off versus Victor Olofsson in Kraken zone.
5:55 of 2nd period - Morgan Rielly is hit by Filip Forsberg and loses puck.
6:08 of 2nd period - Shot by Taylor Raddysh.
6:08 of 2nd period - Stopped by Igor Shesterkin without a rebound.
6:09 of 2nd period - Ryan Strome wins face-off versus Mats Zuccarello in Kraken zone.
6:20 of 2nd period - Shot by Colton Sissons.
6:20 of 2nd period - Deflect By Alex Killorn.
6:20 of 2nd period - Stopped by Anthony Stolarz without a rebound.
6:21 of 2nd period - Andrew Copp wins face-off versus Trevor Zegras in Avalanche zone.
6:38 of 2nd period - Shot by Noel Acciari.
6:38 of 2nd period - Shot Misses the Net.
6:43 of 2nd period - Icing by Mitchell Marner.
6:44 of 2nd period - Mark Scheifele wins face-off versus Trevor Zegras in Avalanche zone.
7:22 of 2nd period - Icing by John Carlson.
7:23 of 2nd period - Mark Scheifele wins face-off versus Ryan Strome in Kraken zone.
7:25 of 2nd period - Icing by Filip Forsberg.
7:26 of 2nd period - Ryan Strome wins face-off versus Mark Scheifele in Kraken zone.
7:41 of 2nd period - Shot by Mathew Barzal.
7:41 of 2nd period - Shot Misses the Net.
8:05 of 2nd period - Shot by Drake Batherson.
8:05 of 2nd period - Shot Misses the Net.
8:11 of 2nd period - Drake Batherson is hit by Colton Sissons and loses puck.
8:30 of 2nd period - Shot by Mats Zuccarello.
8:30 of 2nd period - Shot Misses the Net.
8:51 of 2nd period - Icing by Brenden Dillon.
8:52 of 2nd period - Andrew Copp wins face-off versus Victor Olofsson in Kraken zone.
8:52 of 2nd period - Brenden Dillon is hit by Taylor Raddysh and loses puck.
9:41 of 2nd period - Minor Penalty to Brenden Dillon for Hooking.
9:42 of 2nd period - Scott Laughton wins face-off versus Filip Forsberg in Kraken zone.
10:01 of 2nd period - Shot by Jacob Trouba.
10:01 of 2nd period - Shot Misses the Net.
10:13 of 2nd period - Shot by Mitchell Marner.
10:13 of 2nd period - Stopped by Igor Shesterkin without a rebound.
10:14 of 2nd period - Filip Forsberg wins face-off versus Trevor Zegras in Kraken zone.
10:14 of 2nd period - Mark Scheifele is hit by Trevor Zegras and loses puck.
11:10 of 2nd period - Shot by Owen Power.
11:10 of 2nd period - Shot Misses the Net.
11:12 of 2nd period - Shot by Scott Laughton.
11:12 of 2nd period - Stopped by Igor Shesterkin without a rebound.
11:13 of 2nd period - Trevor Zegras wins face-off versus Filip Forsberg in Kraken zone.
11:28 of 2nd period - Shot by Ryan Strome.
11:28 of 2nd period - Stopped by Igor Shesterkin without a rebound.
11:29 of 2nd period - Scott Laughton wins face-off versus Mathew Barzal in Kraken zone.
12:28 of 2nd period - Icing by Nick Perbix.
12:29 of 2nd period - Colton Sissons wins face-off versus Victor Olofsson in Avalanche zone.
12:36 of 2nd period - Jesper Boqvist is hit by Colton Sissons and loses puck.
13:25 of 2nd period - Shot by Mathew Barzal.
13:25 of 2nd period - Stopped by Anthony Stolarz without a rebound.
13:26 of 2nd period - Ryan Strome wins face-off versus Nic Dowd in Avalanche zone.
13:26 of 2nd period - Ryan Strome is hit by Filip Forsberg.
13:50 of 2nd period - Shot by Wyatt Johnston.
13:50 of 2nd period - Shot Misses the Net.
14:19 of 2nd period - Off-side.
14:20 of 2nd period - Trevor Zegras wins face-off versus Colton Sissons in neutral zone.
15:00 of 2nd period - Tyson Foerster is hit by Ryan McDonagh and loses puck.
15:34 of 2nd period - Scott Laughton is hit by Ryan McDonagh and loses puck.
16:00 of 2nd period - Icing by John Carlson.
16:01 of 2nd period - Mark Scheifele wins face-off versus Ryan Strome in Kraken zone.
16:01 of 2nd period - Mathew Barzal is hit by Ryan Strome and loses puck.
16:07 of 2nd period - John Carlson is hit by Owen Power.
16:14 of 2nd period - Icing by Owen Power.
16:15 of 2nd period - Ryan Strome wins face-off versus Andrew Copp in Avalanche zone.
16:15 of 2nd period - Owen Power is hit by Noel Acciari and loses puck.
16:33 of 2nd period - Noel Acciari is hit by Morgan Rielly.
16:37 of 2nd period - Shot by Andrew Copp.
16:37 of 2nd period - Deflect By Noel Acciari.
16:37 of 2nd period - Stopped by Anthony Stolarz without a rebound.
16:38 of 2nd period - Mark Scheifele wins face-off versus Trevor Zegras in Avalanche zone.
16:39 of 2nd period - Shot by Mathew Barzal.
16:39 of 2nd period - Shot Misses the Net.
16:45 of 2nd period - Shot by Mathew Barzal.
16:45 of 2nd period - Stopped by Anthony Stolarz without a rebound.
16:46 of 2nd period - Mark Scheifele wins face-off versus Trevor Zegras in Avalanche zone.
16:47 of 2nd period - Shot by Mathew Barzal.
16:47 of 2nd period - Shot Misses the Net.
17:17 of 2nd period - Shot by Jacob Trouba.
17:17 of 2nd period - Deflect By Mitchell Marner.
17:17 of 2nd period - Shot Misses the Net.
17:19 of 2nd period - Shot by Mitchell Marner.
17:19 of 2nd period - Stopped by Igor Shesterkin without a rebound.
17:20 of 2nd period - Scott Laughton wins face-off versus Andrew Copp in Kraken zone.
17:20 of 2nd period - Scott Laughton is hit by Brenden Dillon.
17:48 of 2nd period - Shot by Andrew Copp.
17:48 of 2nd period - Shot Misses the Net.
17:53 of 2nd period - Owen Power is hit by Noel Acciari and loses puck.
18:29 of 2nd period - Minor Penalty to Ryan Strome for Holding.
18:30 of 2nd period - Colton Sissons wins face-off versus Scott Laughton in Avalanche zone.
19:06 of 2nd period - Shot by Alex Killorn.
19:06 of 2nd period - Stopped by Anthony Stolarz without a rebound.
19:07 of 2nd period - Scott Laughton wins face-off versus Mark Scheifele in Avalanche zone.
19:12 of 2nd period - Jacob Trouba is hit by Filip Forsberg and loses puck.
Goals for this period are 0 for Kraken vs 0 for Avalanche.
Shots for this period are 10 for Kraken vs 9 for Avalanche.

3rd period


0:01 of 3rd period - Scott Laughton wins face-off versus Mark Scheifele in neutral zone.
0:28 of 3rd period - Shot by John Carlson.
0:28 of 3rd period - Stopped by Anthony Stolarz without a rebound.
0:29 of 3rd period - Colton Sissons wins face-off versus Victor Olofsson in Avalanche zone.
0:37 of 3rd period - Icing by Owen Power.
0:38 of 3rd period - Colton Sissons wins face-off versus Victor Olofsson in Avalanche zone.
0:45 of 3rd period - Shot by Colton Sissons.
0:45 of 3rd period - Stopped by Anthony Stolarz without a rebound.
0:46 of 3rd period - Mark Scheifele wins face-off versus Trevor Zegras in Avalanche zone.
0:47 of 3rd period - Shot by Filip Forsberg.
0:47 of 3rd period - Stopped by Anthony Stolarz without a rebound.
0:48 of 3rd period - Mark Scheifele wins face-off versus Trevor Zegras in Avalanche zone.
0:48 of 3rd period - Mark Scheifele is hit by Jacob Trouba.
0:56 of 3rd period - Shot by Tyson Foerster.
0:56 of 3rd period - Stopped by Igor Shesterkin without a rebound.
0:57 of 3rd period - Mark Scheifele wins face-off versus Trevor Zegras in Kraken zone.
1:12 of 3rd period - Shot by Mitchell Marner.
1:12 of 3rd period - Deflect By Tyson Foerster.
1:12 of 3rd period - Stopped by Igor Shesterkin without a rebound.
1:13 of 3rd period - Mats Zuccarello wins face-off versus Ryan Strome in Kraken zone.
1:43 of 3rd period - Shot by Alex Killorn.
1:43 of 3rd period - Stopped by Anthony Stolarz without a rebound.
1:44 of 3rd period - Mark Scheifele wins face-off versus Victor Olofsson in Avalanche zone.
1:44 of 3rd period - John Carlson is hit by Jacob Trouba and loses puck.
1:45 of 3rd period - Minor Penalty to Jacob Trouba for Roughing.
1:46 of 3rd period - Mark Scheifele wins face-off versus Scott Laughton in Avalanche zone.
1:47 of 3rd period - Shot by Erik Karlsson.
1:47 of 3rd period - Goal by Erik Karlsson - Kraken : 2 - Avalanche : 0.
1:48 of 3rd period - Mark Scheifele wins face-off versus Victor Olofsson in neutral zone.
2:19 of 3rd period - Victor Olofsson is hit by Filip Forsberg and loses puck.
2:25 of 3rd period - Icing by Erik Brannstrom.
2:26 of 3rd period - Colton Sissons wins face-off versus Victor Olofsson in Avalanche zone.
2:38 of 3rd period - Icing by Radko Gudas.
2:39 of 3rd period - Scott Laughton wins face-off versus Colton Sissons in Kraken zone.
2:52 of 3rd period - Shot by Colton Sissons.
2:52 of 3rd period - Shot Blocked by Sam Steel.
2:54 of 3rd period - Shot by Colton Sissons.
2:54 of 3rd period - Shot Blocked by Scott Laughton.
2:56 of 3rd period - Shot by Colton Sissons.
2:56 of 3rd period - Stopped by Anthony Stolarz without a rebound.
2:57 of 3rd period - Trevor Zegras wins face-off versus Mark Scheifele in Avalanche zone.
3:18 of 3rd period - Shot by Filip Forsberg.
3:18 of 3rd period - Deflect By Mark Scheifele.
3:18 of 3rd period - Stopped by Anthony Stolarz without a rebound.
3:19 of 3rd period - Scott Laughton wins face-off versus Alex Killorn in Avalanche zone.
3:52 of 3rd period - Shot by Sam Steel.
3:52 of 3rd period - Stopped by Igor Shesterkin with a rebound.
4:46 of 3rd period - Shot by Mark Scheifele.
4:46 of 3rd period - Shot Misses the Net.
4:48 of 3rd period - Shot by John Carlson.
4:48 of 3rd period - Shot Blocked by Nick Perbix.
5:11 of 3rd period - Minor Penalty to Morgan Rielly for Holding Stick.
5:12 of 3rd period - Scott Laughton wins face-off versus Colton Sissons in Avalanche zone.
5:18 of 3rd period - Icing by Radko Gudas.
5:19 of 3rd period - Scott Laughton wins face-off versus Colton Sissons in Kraken zone.
5:19 of 3rd period - Owen Power is hit by Radko Gudas and loses puck.
6:29 of 3rd period - Icing by Colton Sissons.
6:30 of 3rd period - Ryan Strome wins face-off versus Colton Sissons in Kraken zone.
7:18 of 3rd period - Andrew Copp is hit by Taylor Raddysh.
7:24 of 3rd period - Shot by Noel Acciari.
7:24 of 3rd period - Shot Blocked by Jesper Boqvist.
8:09 of 3rd period - Icing by Mitchell Marner.
8:10 of 3rd period - Nic Dowd wins face-off versus Trevor Zegras in Avalanche zone.
8:42 of 3rd period - Icing by Mitchell Marner.
8:43 of 3rd period - Trevor Zegras wins face-off versus Colton Sissons in Avalanche zone.
8:43 of 3rd period - Trevor Zegras is hit by Alex Killorn.
8:48 of 3rd period - Tyson Foerster is hit by Alex Killorn and loses puck.
9:12 of 3rd period - Icing by Radko Gudas.
9:13 of 3rd period - Sam Steel wins face-off versus Colton Sissons in Kraken zone.
9:13 of 3rd period - Sam Steel is hit by Ryan McDonagh.
9:44 of 3rd period - Andrew Copp is hit by Scott Laughton and loses puck.
10:01 of 3rd period - Shot by Andrew Cogliano.
10:01 of 3rd period - Stopped by Anthony Stolarz with a rebound.
10:09 of 3rd period - Shot by Andrew Copp.
10:09 of 3rd period - Stopped by Anthony Stolarz with a rebound.
10:30 of 3rd period - Ryker Evans is hit by John Carlson and loses puck.
10:39 of 3rd period - Shot by Wyatt Johnston.
10:39 of 3rd period - Stopped by Igor Shesterkin without a rebound.
10:40 of 3rd period - Victor Olofsson wins face-off versus Nic Dowd in Kraken zone.
10:40 of 3rd period - Victor Olofsson is hit by John Carlson.
11:59 of 3rd period - Shot by Colton Sissons.
11:59 of 3rd period - Stopped by Anthony Stolarz with a rebound.
12:01 of 3rd period - Shot by Radko Gudas.
12:01 of 3rd period - Stopped by Anthony Stolarz with a rebound.
12:03 of 3rd period - Shot by Ryan McDonagh.
12:03 of 3rd period - Stopped by Anthony Stolarz without a rebound.
12:04 of 3rd period - Trevor Zegras wins face-off versus Andrew Copp in Avalanche zone.
12:26 of 3rd period - Shot by Mitchell Marner.
12:26 of 3rd period - Stopped by Igor Shesterkin without a rebound.
12:27 of 3rd period - Mark Scheifele wins face-off versus Ryan Strome in Kraken zone.
12:27 of 3rd period - Mark Scheifele is hit by Drake Batherson.
12:55 of 3rd period - Shot by Ryan Strome.
12:55 of 3rd period - Shot Misses the Net.
12:59 of 3rd period - Shot by Drake Batherson.
12:59 of 3rd period - Deflect By Wyatt Johnston.
12:59 of 3rd period - Stopped by Igor Shesterkin with a rebound.
13:01 of 3rd period - Shot by Nick Perbix.
13:01 of 3rd period - Shot Misses the Net.
13:03 of 3rd period - Shot by Wyatt Johnston.
13:03 of 3rd period - Shot Misses the Net.
13:07 of 3rd period - Shot by Drake Batherson.
13:07 of 3rd period - Stopped by Igor Shesterkin without a rebound.
13:08 of 3rd period - Colton Sissons wins face-off versus Scott Laughton in Kraken zone.
13:19 of 3rd period - Shot by Colton Sissons.
13:19 of 3rd period - Stopped by Anthony Stolarz with a rebound.
13:31 of 3rd period - Shot by Scott Laughton.
13:31 of 3rd period - Stopped by Igor Shesterkin with a rebound.
13:33 of 3rd period - Shot by Sam Steel.
13:33 of 3rd period - Stopped by Igor Shesterkin with a rebound.
13:41 of 3rd period - Shot by Scott Laughton.
13:41 of 3rd period - Shot Misses the Net.
14:05 of 3rd period - Off-side.
14:06 of 3rd period - Mark Scheifele wins face-off versus Victor Olofsson in neutral zone.
14:24 of 3rd period - Shot by Filip Forsberg.
14:24 of 3rd period - Shot Misses the Net.
14:27 of 3rd period - Icing by Morgan Rielly.
14:28 of 3rd period - Victor Olofsson wins face-off versus Andrew Copp in Avalanche zone.
14:28 of 3rd period - Victor Olofsson is hit by Noel Acciari.
15:56 of 3rd period - Taylor Raddysh is hit by John Carlson and loses puck.
16:23 of 3rd period - Shot by Colton Sissons.
16:23 of 3rd period - Goal by Colton Sissons - Kraken : 3 - Avalanche : 0.
16:24 of 3rd period - Tyson Foerster wins face-off versus Andrew Copp in neutral zone.
16:57 of 3rd period - Icing by Erik Brannstrom.
16:58 of 3rd period - Trevor Zegras wins face-off versus Colton Sissons in Avalanche zone.
16:58 of 3rd period - Trevor Zegras is hit by Alex Killorn.
17:06 of 3rd period - Shot by Mitchell Marner.
17:06 of 3rd period - Shot Blocked by Ryan McDonagh.
18:30 of 3rd period - Shot by Mark Scheifele.
18:30 of 3rd period - Shot Misses the Net.
18:32 of 3rd period - Shot by Mark Scheifele.
18:32 of 3rd period - Stopped by Anthony Stolarz without a rebound.
18:33 of 3rd period - Scott Laughton wins face-off versus Andrew Copp in Avalanche zone.
18:33 of 3rd period - Scott Laughton is hit by Noel Acciari.
18:41 of 3rd period - Shot by Nick Perbix.
18:41 of 3rd period - Shot Blocked by Noel Acciari.
18:43 of 3rd period - Shot by Scott Laughton.
18:43 of 3rd period - Stopped by Igor Shesterkin with a rebound.
18:45 of 3rd period - Shot by Sam Steel.
18:45 of 3rd period - Stopped by Igor Shesterkin without a rebound.
18:46 of 3rd period - Justin Danforth wins face-off versus Scott Laughton in Kraken zone.
19:07 of 3rd period - Shot by Filip Forsberg.
19:07 of 3rd period - Shot Blocked by Scott Laughton.
19:09 of 3rd period - Shot by Nic Dowd.
19:09 of 3rd period - Shot Misses the Net.
19:11 of 3rd period - Shot by Erik Karlsson.
19:11 of 3rd period - Goal by Erik Karlsson - Kraken : 4 - Avalanche : 0.
19:12 of 3rd period - Ryan Strome wins face-off versus Andrew Copp in neutral zone.
19:45 of 3rd period - Shot by Andrew Copp.
19:45 of 3rd period - Deflect By Noel Acciari.
19:45 of 3rd period - Stopped by Anthony Stolarz with a rebound.
Goals for this period are 3 for Kraken vs 0 for Avalanche.
Shots for this period are 17 for Kraken vs 11 for Avalanche.